 Dungeon Sprint DCSS version 0.19-a0-1827-g174f941 (webtiles) character file.

1257 Theye the Prestidigitator (level 8, -8/85 HPs)
             Began as a Deep Dwarf Berserker on Oct 7, 2016.
             Was a Priest of Trog.
             Mangled by Sonja
             ... wielding a +0 dagger of distortion
              (20 damage)
             ... in the Dungeon (Sprint I: "Red Sonja").
             The game lasted 00:02:36 (704 turns).

Theye the Prestidigitator (Deep Dwarf Berserker)     Turns: 704, Time: 00:02:37

Health: -8/85      AC: 12    Str: 21    XL:     8   Next: 27%
Magic:  13/13      EV: 13    Int:  8    God:    Trog [***...]
Gold:   81         SH:  0    Dex: 19    Spells: 0 memorised, 7 levels left

rFire  x . .     SeeInvis .     k - +6 club
rCold  . . .     Gourm    .     d - +0 plate armour "Xoirialess" {rF- Dex+5} (curse)
rNeg   . . .     Faith    .     (no shield)
rPois  .         Spirit   .     (no helmet)
rElec  .         Dismiss  .     (no cloak)
rCorr  .         Reflect  .     (no gloves)
MR     +....     Harm     .     (no boots)
Stlth  .......... NoTele   +    (no amulet)
                                (no ring)
                                n - +3 ring of evasion

@: lethally poisoned (-8 -> -21), non-regenerating, slowed, very slow
A: damage resistance, recharge devices, sense surroundings 1, slow regeneration
3
a: Device Recharging, Berserk, Trog's Hand, Burn Spellbooks, Renounce Religion


You were in the Dungeon.
You worshipped Trog.
Trog was most pleased with you.
You were not hungry.

You visited 1 branch You collected 416 gold pieces.
You spent 335 gold pieces at shops.

Inventory:

Hand Weapons
 a - a +0 falchion
 k - a +6 club (weapon)
Armour
 b - a +0 animal skin
 d - the cursed +0 plate armour "Xoirialess" (worn) {rF- Dex+5}
   (You bought it in a shop in the Dungeon)

   It affects your dexterity (+5).
   It makes you vulnerable to fire.
   It has a curse placed upon it.
Jewellery
 n - a +3 ring of evasion (left hand)
Wands
 c - a wand of heal wounds (4/9)
Scrolls
 j - a scroll of blinking
 l - a scroll of identify {unknown}
Potions
 e - 3 potions of curing
 f - a potion of heal wounds
 h - 2 potions of magic
 i - a potion of berserk rage


   Skills:
 + Level 9.1 Fighting
 - Level 5.1 Long Blades
 * Level 9.7 Maces & Flails
 + Level 5.3 Armour
 + Level 6.8 Dodging
 * Level 11.5 Evocations


You had 7 spell levels left.
You didn't know any spells.

Dungeon Overview and Level Annotations

Branches:
Dungeon (1/1)

Altars:
Cheibriados
Dithmenos
Elyvilon
Fedhas
Gozag
Hepliaklqana
Kikubaaqudgha
Makhleb
Nemelex Xobeh
Okawaru
Qazlal
Ru
Sif Muna
Trog
Uskayaw
Vehumet
Xom
Yredelemnul
Zin
The Shining One
Jiyva
Lugonu

Shops:
D [

Annotations:
D Sonja


Innate Abilities, Weirdness & Mutations

You are resistant to damage.
You can recharge devices by infusing magical energy.
You passively map a small area around you.
You do not regenerate.


Message History

Sonja closely misses you. Sonja completely misses you.
Sonja hits you with an uncursed dagger of distortion.
Space bends around you.
* * * LOW HITPOINT WARNING * * *
There is an open door, spattered with blood here.
You see here 2 curare-tipped needles.
Unknown command.
Evoke which item? (* to show all) (? for menu, Esc to quit)
Zapping:
c - a wand of heal wounds (5/9)
Press: ? - help, Shift-Dir - straight line, f - you You feel much better.
This wand has 4 charges left.
You feel very sick.
Sonja hits you with an uncursed dagger of distortion.
Space warps horribly around you!
* * * LOW HITPOINT WARNING * * *
Sonja hits you but does no damage. x3; You feel a strange sense of stasis.
Sonja hits you but does no damage. Space warps horribly around you!
* * * LOW HITPOINT WARNING * * *
Sonja hits you but does no damage. Space warps horribly around you!
You die...

##########################*
#<.#.[)..#.)'..#__#..')..#,
#..'..#..'..#..'..'..#)..#*
#..#####'#####'#__####...+,
#..####..#...#.#### #####
#..#__####..##.# ≈ * ,
#..#_____##'#..+ , ,
#⌠⌠#_.∩...@..._# ≈≈ ,*, *
####_..O_##K(#'# +
,#_____###'#.#, , #######
#.### * * , , $.$ , , +
$.$# * * , ,,* ##.## , #+#
, * , , , +*


You could see Sonja and a friendly two-headed ogre (berserk).

Vanquished Creatures
  2 kobold demonologists (D)
  A slime creature (D)
  Sigmund (D)
  A yak (D)
  A floating eye (D)
  An ogre (D)
  A jelly (D)
  Ijyb (D)
9 creatures vanquished.

Vanquished Creatures (others)
  A gargoyle (D)
1 creature vanquished.

Grand Total: 10 creatures vanquished

Notes
Turn   | Place    | Note
-------+----------+-------------------------------------------
     0 | D        | Theye the Deep Dwarf Berserker began the quest for the Orb.
     0 | D        | Reached XP level 1. HP: 20/20 MP: 1/1
     2 | D        | Noticed Ijyb
    35 | D        | Killed Ijyb
    35 | D        | Reached skill level 5 in Long Blades
    35 | D        | Reached skill level 3 in Evocations
    35 | D        | Reached XP level 2. HP: 22/28 MP: 1/4
    40 | D        | Noticed an ogre
    45 | D        | Killed an ogre
    45 | D        | Reached skill level 5 in Fighting
    45 | D        | Reached skill level 5 in Evocations
    45 | D        | Reached XP level 3. HP: 39/39 MP: 1/7
    45 | D        | Reached XP level 4. HP: 46/46 MP: 1/8
   100 | D        | Noticed Sigmund
   110 | D        | Killed Sigmund
   110 | D        | Reached ** piety under Trog
   110 | D        | Reached skill level 8 in Evocations
   110 | D        | Reached XP level 5. HP: 41/56 MP: 8/11
   303 | D        | Found a deep blue altar of Sif Muna.
   305 | D        | Found a radiant altar of Vehumet.
   311 | D        | Reached skill level 5 in Maces & Flails
   311 | D        | Reached XP level 6. HP: 37/63 MP: 11/11
   371 | D        | Found Aceczoto's Armour Emporium.
   371 | D        | Found an ancient bone altar of Kikubaaqudgha.
   371 | D        | Found a hazy altar of Hepliaklqana.
   371 | D        | Found a stormy altar of Qazlal.
   371 | D        | Found a hide-covered altar of Uskayaw.
   371 | D        | Found a blossoming altar of Fedhas.
   371 | D        | Found a bloodstained altar of Trog.
   371 | D        | Found an iron altar of Okawaru.
   371 | D        | Found a basalt altar of Yredelemnul.
   371 | D        | Found a glowing golden altar of the Shining One.
   371 | D        | Found a snail-covered altar of Cheibriados.
   371 | D        | Found a sacrificial altar of Ru.
   371 | D        | Found a glowing silver altar of Zin.
   371 | D        | Found a shadowy altar of Dithmenos.
   371 | D        | Found a white marble altar of Elyvilon.
   371 | D        | Noticed a yak
   372 | D        | Found an opulent altar of Gozag.
   379 | D        | Killed a yak
   379 | D        | Reached skill level 5 in Dodging
   379 | D        | Reached skill level 9 in Evocations
   380 | D        | Found a sparkling altar of Nemelex Xobeh.
   515 | D        | Found a burning altar of Makhleb.
   515 | D        | Found a viscous altar of Jiyva.
   515 | D        | Found a shimmering altar of Xom.
   515 | D        | Found a corrupted altar of Lugonu.
   515 | D        | Noticed a slime creature
   528 | D        | Killed a slime creature
   528 | D        | Reached *** piety under Trog
   528 | D        | Reached skill level 5 in Armour
   528 | D        | Reached skill level 10 in Evocations
   528 | D        | Reached XP level 7. HP: 23/74 MP: 12/12
   584 | D        | Noticed a kobold demonologist
   585 | D        | Noticed a kobold demonologist
   586 | D        | Noticed a ynoxinul
   586 | D        | Noticed a sun demon
   597 | D        | Noticed a sun demon
   598 | D        | Noticed a soul eater
   600 | D        | Killed a kobold demonologist
   600 | D        | Reached skill level 11 in Evocations
   600 | D        | Reached XP level 8. HP: 75/84 MP: 11/13
   603 | D        | Killed a kobold demonologist
   603 | D        | Reached **** piety under Trog
   676 | D        | Bought the cursed +0 plate armour "Xoirialess" {rF- Dex+5} for 335 gold pieces
   695 | D        | Noticed Sonja
   702 | D        | Killed a gargoyle
   704 | D        | Mangled by Sonja

Vault maps used:
D:        dungeon_sprint_1

Skill      XL: |  1  2  3  4  5  6  7  8 |
---------------+-------------------------+-----
Fighting       | 3 5 6 8 9 |  9.1
Long Blades    | 5 |  5.1
Evocations     | 3 5 8 10 11 | 11.5
Maces & Flails | 2 4 5 7 9 |  9.7
Armour         | 3 4 5 |  5.3
Dodging        | 3 4 5 6 |  6.8

Action                   |  1- 3 |  4- 6 |  7- 9 || total
-------------------------+-------+-------+-------++-------
Melee: Falchion          |    28 |       |       ||    28
       Club              |     4 |    28 |    17 ||    49
Invok: Berserk           |     1 |     2 |     1 ||     4
       Trog's Hand       |       |       |     1 ||     1
       Brothers in Arms  |       |       |     1 ||     1
 Abil: Device Recharging |       |     2 |     1 ||     3
Evoke: Wand              |     3 |     5 |     5 ||    13
  Use: Potion            |       |       |     1 ||     1
 Stab: Sleeping          |       |     1 |       ||     1
  Eat: Chunk             |       |     1 |     1 ||     2
       Bread ration      |       |       |     1 ||     1
Armor: Animal skin       |       |     1 |       ||     1
       Plate armour      |       |       |    13 ||    13
Dodge: Dodged            |    13 |    11 |    19 ||    43
       Rpst.: Falchion   |     6 |       |       ||     6
